 Dungeon Crawl Stone Soup version 0.24-a0-529-g0b98641 (webtiles) character file.

Game seed: 17414323047637889620

27 robertstho the Shooter (level 2, -6/24 HPs)
             Began as a Centaur Hunter on Aug 6, 2019.
             Mangled by Natasha (7 damage)
             ... on level 2 of the Dungeon.
             The game lasted 00:01:14 (919 turns).

robertstho the Shooter (Centaur Hunter)              Turns: 919, Time: 00:01:15

Health: -6/24      AC:  7    Str: 14    XL:     2   Next: 93%
Magic:  2/2        EV:  7    Int: 10    God:
Gold:   52         SH:  0    Dex:  9    Spells: 1/1 levels left

rFire    . . .     SeeInvis .   a - +1 shortbow
rCold    . . .     Gourm    .   (shield currently unavailable)
rNeg     . . .     Faith    .   k - +0 scale mail
rPois    .         Spirit   .   (no helmet)
rElec    .         Reflect  .   (no cloak)
rCorr    .         Harm     .   e - +0 pair of gloves
MR       .....                  (no barding)
Stlth    ..........             (no amulet)
HPRegen  0.08/turn              (no ring)
MPRegen  0.08/turn              (no ring)

@: very quick
A: large, hooves 3, deformed body, speed 2, tough skin 3
a: no special abilities


You were on level 2 of the Dungeon.
You were not hungry.

You visited 1 branch of the dungeon, and saw 2 of its levels.

You collected 52 gold pieces.

Inventory:

Hand Weapons
 a - a +1 shortbow (weapon)
 b - a +0 short sword
Missiles
 d - 29 arrows (quivered)
Armour
 c - a +0 leather armour
 e - a +0 pair of gloves (worn)
 k - a +0 scale mail (worn)
 n - a +0 shield
Scrolls
 h - a scroll of immolation {unknown}
 j - a scroll of identify {unknown}
 m - 3 scrolls of magic mapping {unknown}
Potions
 g - a potion of brilliance {unknown}
 i - a potion of haste {unknown}
 l - a potion of lignification {unknown}
Comestibles
 f - 4 rations


   Skills:
 + Level 2.1 Fighting
 + Level 6.4 Bows
 + Level 1.4 Dodging
 + Level 0.4 Stealth


You had one spell level left.
You didn't know any spells.
Your spell library was empty.

Dungeon Overview and Level Annotations

Branches:
Dungeon (2/15)

Altars:

Annotations:
D:2 Natasha


Innate Abilities, Weirdness & Mutations

You have hooves in place of feet.
Armour fits poorly on your strangely shaped body.
You cover ground very quickly.
You have extremely tough skin. (AC +3)


Message History

Firing (i - inventory)
d - 32 arrows (quivered)
Press: ? - help, Shift-Dir - straight line, f/p - Natasha
Aim: Natasha, carrying a wand of flame (21) (severely wounded)
You shoot an arrow. The arrow closely misses Natasha.
The bat hits you but does no damage.
Natasha mumbles some strange words.
Firing (i - inventory)
d - 31 arrows (quivered)
Press: ? - help, Shift-Dir - straight line, f/p - Natasha
Aim: Natasha, carrying a wand of flame (21) (severely wounded)
You shoot an arrow.
The arrow hits Natasha but does no damage.
Natasha is severely wounded.
The bat barely misses you. Natasha claws you.
* * * LOW HITPOINT WARNING * * *
Firing (i - inventory)
d - 30 arrows (quivered)
Press: ? - help, Shift-Dir - straight line, f/p - Natasha
Aim: Natasha, carrying a wand of flame (21) (severely wounded)
You shoot an arrow. The arrow closely misses Natasha.
The bat hits you but does no damage. Natasha claws you!
You die...

## . ##. #.. ..
..####...
#######........
#.......b......
#..$..5@#
#......h..#
#.......#....
#......(####...
######.(. ..
####


You could see Natasha, a crimson imp and a bat.

Vanquished Creatures
  A dart slug (D:1)
  A leopard gecko (D:1)
  5 bats (D:1)
  7 goblins (D:1)
  2 hobgoblins (D:1)
  A frilled lizard (D:1)
  3 kobolds (D:1)
  2 rats (D:1)
22 creatures vanquished.

Notes
Turn   | Place    | Note
-------+----------+-------------------------------------------
     0 | D:1      | robertstho the Centaur Hunter began the quest for the Orb.
     0 | D:1      | Reached XP level 1. HP: 17/17 MP: 1/1
   126 | D:1      | Reached XP level 2. HP: 24/24 MP: 2/2
   140 | D:1      | Reached skill level 6 in Bows
   912 | D:2      | Noticed Natasha
   918 | D:2      | Noticed a crimson imp
   918 | D:2      | HP: 1/24 [Natasha (6)]
   919 | D:2      | Mangled by Natasha

Levels and vault maps discovered:
D:1:      psy_arrival_spokes, layout_basic, serial_forest,
          infiniplex_forest_straight_3, infiniplex_forest_end_3,
          infiniplex_forest_end_2, infiniplex_forest_clump_long,
          infiniplex_forest_lined_room_, infiniplex_forest_lined_3,
          infiniplex_forest_clump_curved, infiniplex_forest_lined_room_2
D:2:      layout_loops_cross, gammafunk_temple_overflow_claw, first_ration,
          uniq_natasha

Skill      XL: |  1  2 |
---------------+-------+-----
Bows           | 6 |  6.4
Fighting       | |  2.1
Dodging        | |  1.4
Stealth        | |  0.4

Action                   || total
-------------------------++-------
 Fire: Shortbow          ||    54
Armor: Scale mail        ||     7
Dodge: Dodged            ||     3

Table legend:
 A = Non-vault XP
 B = Vault XP
 C = Vault XP percentage of total XP
 D = Non-vault monster count
 E = Vault monster count
 F = Vault count percentage of total count
                 A         B        C        D         E       F
            +---------+---------+-------+---------+---------+-------
      Total |      39 |       0 |   0.0 |      22 |       0 |   0.0
            +---------+---------+-------+---------+---------+-------
        D:1 |      39 |       0 |   0.0 |      22 |       0 |   0.0
            +---------+---------+-------+---------+---------+-------
